 Dungeon Crawl Stone Soup version 0.30-a0-613-gdd512c7efb (webtiles) character file.

Game seed: 7699838304911850194

23 SolCadguy the Ruffian (level 2, -4/25 HPs)
             Began as a Naga Transmuter on Jan 8, 2023.
             Slain by an iron imp (11 damage)
             ... summoned by Natasha
             ... on level 2 of the Dungeon.
             The game lasted 00:02:43 (429 turns).

SolCadguy the Ruffian (Naga Transmuter)              Turns: 429, Time: 00:02:44

Health: -4/25      AC:  1    Str: 12    XL:     2   Next: 95%
Magic:  5/5        EV:  9    Int: 13    God:
Gold:   25         SH:  0    Dex: 11    Spells: 2/5 levels left

rFire   . . .      SeeInvis +      - Unarmed
rCold   . . .      Faith    .    (no shield)
rNeg    . . .      Spirit   .    a - +0 robe
rPois   +          Reflect  .    (helmet currently unavailable)
rElec   .          Harm     .    (no cloak)
rCorr   .          Rampage  .    (no gloves)
Will    .....                    (no barding)
Stlth   +                        (no amulet)
HPRegen 0.24/turn                (no ring)
MPRegen 0.09/turn                (no ring)

@: appendages (expiring), very slow
A: horns 2, AC +0, large, see invisible, deformed body, poison resistance,
slowness 2, spit poison 1, naga tail 1
a: Spit Poison, End Transformation


You were on level 2 of the Dungeon.
You had temporarily grown beastly horns.
You visited 1 branch of the dungeon, and saw 2 of its levels.

You collected 25 gold pieces.

Inventory:

Armour
 a - a +0 robe (worn)
 f - a +0 ring mail
Scrolls
 c - a scroll of identify
 d - a scroll of brand weapon
 e - a scroll of enchant armour {unknown}
 g - a scroll of fear {unknown}
Potions
 b - a potion of lignification


   Skills:
 - Level 1.0 Fighting
 - Level 1.5 Dodging
 + Level 4.0 Unarmed Combat
 - Level 2.0 Spellcasting
 - Level 2.0 Transmutations


You had 2 spell levels left.
You knew the following spells:

 Your Spells              Type           Power      Damage    Failure   Level
a - Beastly Appendage     Tmut           12%        N/A       11%         1
b - Wereblood             Tmut           6%         N/A       17%         2

Your spell library contained the following spells:

 Spells                   Type           Power      Damage    Failure   Level
 Spider Form              Tmut/Pois      3%         N/A       45%         3
 Ice Form                 Ice/Tmut       3%         N/A       86%         4


Dungeon Overview and Level Annotations

Branches:
Dungeon (1/15)

Altars:
Nemelex Xobeh

Annotations:
D:2 Natasha


Innate Abilities, Weirdness & Mutations

You have temporarily grown beastly horns.
Your serpentine skin is tough. (AC +0)
You have supernaturally acute eyesight. (SInv)
Armour fits poorly on your strangely shaped body.
Your system is resistant to poisons. (rPois)
You cover ground very slowly.
You can spit poison.
You have a snake-like lower body.


Message History

The splash of poison misses Natasha.
Natasha casts a spell at you. The magic dart hits you.
Casting: Beastly Appendage (safe; 11% risk of failure)
Confirm with . or Enter, or press ? or * to list all spells.
You grow a pair of large bovine horns.
You miss Natasha. Natasha barely misses you.
You hit Natasha. Your headbutt misses Natasha.
Natasha is heavily wounded.
Natasha barely misses you.
You barely miss Natasha. Your headbutt misses Natasha.
Natasha is heavily wounded.
Natasha claws you but does no damage.
You barely miss Natasha.
Natasha is heavily wounded.
You have got your breath back.
Natasha barely misses you.
You hit Natasha.
Natasha is almost dead.
Your transformation is almost over.
Natasha claws you.
You hit Natasha but do no damage.
Natasha is almost dead.
Natasha closely misses you.
You closely miss Natasha. Your headbutt misses Natasha.
Natasha is almost dead.
Natasha casts a spell.
You hit Natasha but do no damage.
Natasha is almost dead.
Natasha casts a spell at you. The magic dart hits you.
You barely miss Natasha.
Natasha is almost dead.
The iron imp hits you!
* * * LOW HITPOINT WARNING * * *
Natasha barely misses you.
You hit Natasha.
Natasha is almost dead.
The iron imp hits you!
You die...

##......# #####
.##...._..####...######
.......................
.###...(.....#...######
. .........#...#...#
..###########.#...#...#
....... #.#...#####
.......######.#...###
.........†h@5........
....^...#############
........# ........#
........# h.......#
#........ #.......#
#.......#


You could see an iron imp (summoned) and Natasha.

Vanquished Creatures
  An adder (D:2)
  3 bats
  2 endoplasms
  A goblin (D:1)
  3 hobgoblins (D:1)
  2 frilled lizards (D:2)
  A rat (D:1)
13 creatures vanquished.

Notes
Turn   | Place    | Note
-------+----------+-------------------------------------------
     0 | D:1      | SolCadguy the Naga Transmuter began the quest for the Orb.
     0 | D:1      | Reached XP level 1. HP: 18/18 MP: 3/3
   233 | D:1      | Reached XP level 2. HP: 24/25 MP: 3/5
   260 | D:1      | Learned a level 2 spell: Wereblood
   312 | D:1      | You fall into a shaft and drop 1 floor!
   326 | D:2      | Found a sparkling altar of Nemelex Xobeh.
   348 | D:2      | Reached skill level 4 in Unarmed Combat
   399 | D:2      | Noticed Natasha
   429 | D:2      | Slain by an iron imp

Illustrated notes

Levels and vault maps discovered:
D:1:      matt_arrival_diagonals, layout_basic, st_stairs_8,
          minmay_misc_feat_columns, minmay_misc_feat_five,
          nicolae_kite_square_tiling_tiny
D:2:      layout_basic, serial_shops, nicolae_shop_window_shopping,
          nicolae_lakefront_shop, shop, nicolae_square_shop, shop, basic_altar,
          uniq_natasha, uniq_terence

Skill      XL: |  1  2 |
---------------+-------+-----
Unarmed Combat | 4 |  4.0
Fighting       | |  1.0
Dodging        | |  1.5
Spellcasting   | |  2.0
Transmutations | |  2.0

Action                   || total
-------------------------++-------
Melee: Unarmed           ||    41
       Headbutt          ||     5
       Punch             ||     1
 Cast: Beastly Appendage ||    13
       Wereblood         ||     1
 Abil: Spit Poison       ||     8
  Use: Scroll            ||     1
Armor: Robe              ||     9
Dodge: Dodged            ||    27

Table legend: (Time is in decaauts)
 A = Elapsed time spent in this place.
 B = Non-inter-level travel time spent in this place.
 C = Inter-level travel time spent in this place.
 D = Time resting spent in this place.
 E = Time spent auto-exploring this place.
 F = Levels seen in this place.
 G = Mean time per level.
                   A        B        C        D        E       F      G
               +--------+--------+--------+--------+--------+-----+--------+
         Total |    505 |    497 |      8 |    100 |    218 |   2 |  252.5 |
       Dungeon |    505 |    497 |      8 |    100 |    218 |   2 |  252.5 |
               +--------+--------+--------+--------+--------+-----+--------+

Top non-repeatable levels by time:
     D:1: 376 daAuts
     D:2: 128 daAuts
